 Dungeon Crawl Stone Soup version 0.25-a0-803-g58bd18402a (webtiles) character file.

Game seed: 14627917157906737247, levelgen mode: deterministic

435 Maedhros the Charlatan (level 7, 0/43 HPs)
             Began as an Octopode Artificer on Apr 19, 2020.
             Succumbed to a worker ant's poison
             ... on level 5 of the Dungeon.
             The game lasted 00:02:10 (1030 turns).

Maedhros the Charlatan (Octopode Artificer)         Turns: 1030, Time: 00:02:11

Health: 0/43       AC:  1    Str: 11    XL:     7   Next: 0%
Magic:  10/10      EV: 13    Int: 13    God:
Gold:   66         SH:  0    Dex: 15    Spells: 6/6 levels left

rFire    . . .     SeeInvis .   a - +0 short sword
rCold    . . .     Gourm    .   (no shield)
rNeg     . . .     Faith    .   (helmet restricted)
rPois    .         Spirit   .   (no amulet)
rElec    .         Reflect  .   (no ring)
rCorr    .         Harm     .   (no ring)
MR       .....                  (no ring)
Stlth    ++++......             (no ring)
HPRegen  0.14/turn              (no ring)
MPRegen  0.12/turn              (no ring)
                                (no ring)
                                (no ring)

@: lethally poisoned (0 -> -6)
A: almost no armour, stealthy swim, amphibious, 8 rings, constrict 8, camouflage
1, gelatinous body 1
a: no special abilities


You were on level 5 of the Dungeon.
You were not hungry.

You visited 1 branch of the dungeon, and saw 6 of its levels.

You collected 66 gold pieces.

Inventory:

Hand Weapons
 a - a +0 short sword (weapon)
Wands
 b - a wand of flame (9)
 c - a wand of enslavement (15)
 d - a wand of random effects (4)
Scrolls
 e - 4 scrolls of remove curse {unknown}
 g - a scroll of enchant weapon {unknown}
 i - a scroll of enchant armour {unknown}
 j - a scroll of magic mapping {unknown}
Comestibles
 f - a ration


   Skills:
 - Level 1.0 Fighting
 - Level 1.0 Short Blades
 - Level 2.0 Dodging
 + Level 5.0 Stealth
 * Level 4.7 Unarmed Combat
 + Level 5.0 Evocations


You had 6 spell levels left.
You didn't know any spells.
Your spell library contained the following spells:

 Spells                   Type           Power        Failure   Level  Hunger
 Magic Dart               Conj           #...         30%         1    ##.....
 Blink                    Tloc           N/A          43%         2    ###....
 Call Imp                 Summ           #.......     43%         2    ###....
 Slow                     Hex            #.......     43%         2    ###....
 Conjure Flame            Conj/Fire      #.......     67%         3    ####...
 Mephitic Cloud           Conj/Pois/Air  #.......     67%         3    ####...


Dungeon Overview and Level Annotations

Branches:
Dungeon (6/15)
 Temple: D:4-7

Altars:
Fedhas
Trog
Wu Jian


Innate Abilities, Weirdness & Mutations

You cannot wear most types of armour.
You are very stealthy in the water. (Stealth+)
You are amphibious.
You can wear up to eight rings at the same time.
You can use your tentacles to constrict eight enemies at once.
Your skin changes colour to match your surroundings (Stealth+).
Your rubbery body absorbs attacks. (AC +1, EV +1)


Message History

Aim: a worker ant (heavily wounded, constricted by you)
The puff of flame hits the worker ant.
The worker ant is severely wounded.
You constrict the worker ant.
You feel sick. The worker ant bites you!
* * * LOW HITPOINT WARNING * * *
It was a potion of magic.
Magic courses through your body.
You constrict the worker ant, but do no damage.
* * * LOW HITPOINT WARNING * * *
You feel sick. The worker ant completely misses you.
You hit the worker ant.
You kill the worker ant!
Your Stealth skill increases to level 5!
You have reached level 7!
There is a lethal amount of poison in your body!
There is a lethal amount of poison in your body!
There is a lethal amount of poison in your body!
* * * LOW HITPOINT WARNING * * *
You feel sick.
You see here a worker ant corpse.
You die...

...................'......#
#
...................#...####
# ....###'######.....#.†.#
# ....#........#.....#...#
....#........#..<..#...#
....#........#.....#...#
....#...###..#.....#####
#####...# #..###......#
...... #....#@.....#
....... #....#†.....#
...... #....#......+ ....
#....'......# ####+#......#
...##### ...# ....# ....#


There were no monsters in sight!

Vanquished Creatures
  Sigmund (D:5)
  A bullfrog (D:4)
  A centaur zombie (D:5)
  A hound (D:4)
  A bullfrog skeleton (D:5)
  4 worker ants
  A killer bee zombie (D:5)
  A shadow imp (D:5)
  A leopard gecko (D:1)
  2 bats
  A kobold (D:1)
  2 quokkas (D:5)
  A frilled lizard (D:5)
18 creatures vanquished.

Notes
Turn   | Place    | Note
-------+----------+-------------------------------------------
     0 | D:1      | Maedhros the Octopode Artificer began the quest for the
                  | Orb.
     0 | D:1      | Reached XP level 1. HP: 13/13 MP: 3/3
    83 | D:3      | Noticed a hound
    99 | D:4      | Noticed a hound
   101 | D:4      | Killed a hound
   101 | D:4      | Reached skill level 1 in Unarmed Combat
   101 | D:4      | Reached XP level 2. HP: 18/18 MP: 4/4
   101 | D:4      | Reached XP level 3. HP: 23/23 MP: 5/5
   102 | D:4      | Noticed a bullfrog
   107 | D:4      | Reached XP level 4. HP: 28/28 MP: 6/6
   109 | D:4      | Killed a bullfrog
   109 | D:4      | Reached XP level 5. HP: 25/33 MP: 6/8
   110 | D:4      | Found a bloodstained altar of Trog.
   124 | D:4      | Noticed an ogre
   139 | D:5      | Entered Level 5 of the Dungeon
   142 | D:5      | Found a blossoming altar of Fedhas.
   184 | D:5      | Noticed Sigmund
   197 | D:5      | Killed Sigmund
   197 | D:5      | Reached XP level 6. HP: 29/38 MP: 9/9
   240 | D:5      | Found an ornate altar of the Wu Jian Council.
   601 | D:6      | Noticed an orc warrior
   915 | D:5      | Reached skill level 5 in Evocations
  1028 | D:5      | Reached skill level 5 in Stealth
  1028 | D:5      | Reached XP level 7. HP: 2/43 MP: 10/10
  1029 | D:5      | HP: 1/43 [poisoned by a worker ant]
  1030 | D:5      | Succumbed to a worker ant's poison

Levels and vault maps discovered:
D:1:      dpeg_arrival_castle, layout_basic
D:2:      layout_basic, first_ration
D:3:      layout_basic, evilmike_ruin_ashenzari
D:4:      layout_cave_pools, bloody_trog, kennysheep_little_box,
          nicolae_overflow_hidden_temple, old_standard_altar,
          gammafunk_ghost_nasty_kobolds
D:5:      layout_gridville, marbit_many_paths, minmay_misc_feat_square,
          fedhas_ov_isle_minmay, uniq_menkaure, uniq_sigmund,
          uniq_prince_ribbit1
D:6:      layout_loops_ring, old_standard_altar, kennysheep_mini_moat,
          ebering_ghost_rock_garden, nicolae_dithmenos_shadow_blocks

Skill      XL: |  1  2  3  4  5  6 |
---------------+-------------------+-----
Stealth        | 2 3 4 5 |  5.0
Unarmed Combat | 1 2 3 4 |  4.7
Evocations     | 4 5 |  5.0
Fighting       | |  1.0
Short Blades   | |  1.0
Dodging        | |  2.0

Action                   |  1- 3 |  4- 6 |  7- 9 || total
-------------------------+-------+-------+-------++-------
Melee: Short sword       |     9 |    42 |       ||    51
       Tentacles         |     2 |    10 |       ||    12
       Constrict         |     1 |     9 |       ||    10
       Punch             |       |     4 |       ||     4
Evoke: Wand              |     5 |    12 |       ||    17
  Use: Potion            |       |     1 |       ||     1
 Stab: Sleeping          |     3 |     1 |       ||     4
Armor: Skin              |     3 |     2 |       ||     5
Dodge: Dodged            |     4 |    28 |       ||    32

Table legend:
 A = Non-vault XP
 B = Vault XP
 C = Vault XP percentage of total XP
 D = Non-vault monster count
 E = Vault monster count
 F = Vault count percentage of total count
                 A         B        C        D         E       F
            +---------+---------+-------+---------+---------+-------
      Total |     402 |     220 |  35.4 |      17 |       1 |   5.6
            +---------+---------+-------+---------+---------+-------
        D:1 |       7 |       0 |   0.0 |       3 |       0 |   0.0
        D:3 |       1 |       0 |   0.0 |       1 |       0 |   0.0
        D:4 |     168 |       0 |   0.0 |       3 |       0 |   0.0
        D:5 |     192 |     220 |  53.4 |       9 |       1 |  10.0
        D:6 |      34 |       0 |   0.0 |       1 |       0 |   0.0
            +---------+---------+-------+---------+---------+-------
